 Dungeon Crawl Stone Soup version 0.23-a0-419-g0174fd8 (webtiles) character file.

21675 Jawreze the Carver (level 12, -3/88 HPs)
             Began as a Demonspawn Gladiator on Nov 9, 2018.
             Was an Elder of Makhleb.
             Slain by a spatial maelstrom (6 damage)
             ... on level 2 of the Abyss on Nov 13, 2018.
             The game lasted 01:06:56 (21887 turns).

Jawreze the Carver (Demonspawn Gladiator)          Turns: 21887, Time: 01:06:57

Health: -3/88      AC: 13    Str: 16    XL:     12   Next: 56%
Magic:  0/14       EV: 12    Int: 13    God:    Makhleb [****..]
Gold:   870        SH:  8    Dex: 18    Spells: 11/11 levels left

rFire    . . .     SeeInvis .   L - +3 scimitar (flame)
rCold    . . .     Gourm    .   J - +2 buckler
rNeg     . . .     Faith    .   m - +2 ring mail {MR+}
rPois    +         Spirit   +   y - +1 helmet
rElec    .         Reflect  .   (no cloak)
rCorr    .         Harm     .   (no gloves)
MR       +....                  v - +1 pair of boots
Stlth    +.........             (no amulet)
HPRegen  0.24/turn              i - +3 ring of dexterity
MPRegen  0.14/turn              B - ring of poison resistance

@: hasted, drained, very quick
A: hooves 2, demonic guardian 1, [low mp 2], magic shield, sturdy frame 2
a: Minor Destruction, Lesser Servant of Makhleb, Major Destruction, Renounce
Religion


You were on level 2 of the Abyss.
You worshipped Makhleb.
Makhleb was greatly pleased with you.
You were near starving.

You visited 3 branches of the dungeon, and saw 14 of its levels.
You visited the Abyss 1 time.

You collected 870 gold pieces.

Inventory:

Hand Weapons
 a - a +1 long sword
 s - the +1 trident of Sequestration {venom, Str+2 SInv Stlth+}
   (You found it on level 8 of the Dungeon)

   It poisons the flesh of those it strikes.
   It affects your strength (+2).
   It lets you see invisible.
   It makes you more stealthy.
 w - a +0 blowgun
 L - a +3 scimitar of flaming (weapon)
 S - a +0 great sword of electrocution
Missiles
 g - 279 stones
 p - 116 sling bullets
 E - 32 poisoned needles
 K - 3 javelins (quivered)
 W - 2 throwing nets
Armour
 d - the +3 hat of Pondering {ponderous, MR+ MP+10 Int+5}
   (You took it off Gastronok on level 8 of the Dungeon)

   It affects your intelligence (+5).
   It affects your resistance to hostile enchantments.
   It affects your magic capacity (+10).
 j - a +0 chain mail
 m - a +2 ring mail of magic resistance (worn)
 r - a +0 plate armour
 v - a +1 pair of boots (worn)
 y - a +1 helmet (worn)
 J - a +2 buckler (worn)
 O - +0 swamp dragon scales
Jewellery
 i - a +3 ring of dexterity (left hand)
 A - an uncursed amulet of regeneration {unknown}
 B - a ring of poison resistance (right hand)
 R - an uncursed ring of poison resistance
 X - an uncursed amulet of faith {unknown}
Wands
 h - a wand of paralysis (10)
 G - a wand of random effects (34)
 T - a wand of clouds (5)
 Y - a wand of iceblast (8)
 Z - a wand of flame (12)
Scrolls
 k - 4 scrolls of fog
 o - 3 scrolls of amnesia
 q - 2 scrolls of immolation
 u - 12 scrolls of remove curse
 z - 2 scrolls of vulnerability {unknown}
 C - 5 scrolls of identify
 I - a scroll of enchant weapon
 N - a scroll of fear {unknown}
 P - a scroll of blinking {unknown}
 Q - a scroll of acquirement {unknown}
 U - a scroll of silence {unknown}
 V - 3 scrolls of enchant armour
Potions
 b - a potion of mutation {unknown}
 c - a potion of berserk rage {unknown}
 e - a potion of haste
 l - 4 potions of curing {unknown}
 n - 5 potions of flight
 t - a potion of cancellation {unknown}
 x - 2 potions of might {unknown}
 D - 4 potions of ambrosia
 F - 2 potions of resistance {unknown}
 H - 4 potions of lignification {unknown}
Comestibles
 f - 12 rations


   Skills:
 - Level 6.2(5.7) Fighting
 * Level 13.6(12.9) Long Blades
 - Level 1.7(1.2) Throwing
 + Level 8.1(7.5) Armour
 - Level 2.6(2.1) Dodging
 - Level 7.6(7.0) Shields
 + Level 8.5(7.9) Invocations


You had 11 spell levels left.
You didn't know any spells.
Your spell library contained the following spells:

 Spells                   Type           Power        Failure   Level  Hunger
 Animate Skeleton         Necr           N/A          32%         1    ##.....
 Apportation              Tloc           #.....       32%         1    ##.....
 Beastly Appendage        Tmut           #.....       32%         1    ##.....
 Confusing Touch          Hex            #.....       32%         1    ##.....
 Magic Dart               Conj           #...         32%         1    ##.....
 Summon Small Mammal      Summ           #...         32%         1    ##.....
 Searing Ray              Conj           #.....       45%         2    ###....
 Sticks to Snakes         Tmut           #.......     45%         2    ###....
 Confuse                  Hex            #.......     69%         3    ####...
 Dazzling Spray           Conj/Hex       #.....       69%         3    ####...
 Gell's Gravitas          Tloc           #.........   69%         3    ####...
 Spider Form              Tmut/Pois      #.........   69%         3    ####...
 Force Lance              Conj/Tloc      #.......     97%         4    #####..
 Fulminant Prism          Conj/Hex       #.........   97%         4    #####..
 Ice Form                 Ice/Tmut       #.......     97%         4    #####..
 Iskenderun's Mystic Bla  Conj           #.......     97%         4    #####..
 Petrify                  Tmut/Erth      #.......     97%         4    #####..
 Blade Hands              Tmut           #.........   100%        5    ######.
 Metabolic Englaciation   Hex/Ice        #.........   100%        5    ######.
 Yara's Violent Unravell  Hex/Tmut       #.........   100%        5    ######.
 Bolt of Cold             Conj/Ice       #.........   100%        6    #######
 Freezing Cloud           Conj/Ice/Air   #.........   100%        6    #######
 Ozocubu's Refrigeration  Ice            #.........   100%        6    #######
 Simulacrum               Ice/Necr       #.........   100%        6    #######


Dungeon Overview and Level Annotations

Branches:
Dungeon (11/15)            Temple (1/1) D:6            Lair (2/6) D:11
  Snake (0/4) Lair:2          Orc (0/2) D:10
  Swamp: Lair:2-4    Shoals: Lair:2-4

Altars:
Dithmenos
Gozag
Hepliaklqana
Makhleb
Okawaru
Qazlal
Ru
Uskayaw
The Shining One

Shops:
D:9 *

Annotations:
D:2 exclusion: 3 downstairs
Lair:2 Sonja


Innate Abilities, Weirdness & Mutations

You have hoof-like feet.
A weak demonic guardian rushes to your aid.
When hurt, damage is shared between your health and your magic reserves.
Your movements are less encumbered by armour. (ER -4)
[Your magical capacity is very low. (-20% MP)]


Message History

The thrashing horror tramples you.
* * * LOW HITPOINT WARNING * * *
You hold your ground!
The thrashing horror closely misses you.
A spatial vortex comes into view.
Found 18 gold pieces.
A spatial vortex comes into view.
Okay, then.
Unknown command.
You feel yourself speed up.
The thrashing horror roars!
You block the thrashing horror's attack.
The thrashing horror tramples you but does no damage.
The harpy skeleton misses you. The harpy skeleton claws you.
* * * LOW HITPOINT WARNING * * *
The thrashing horror tramples you but does no damage.
The thrashing horror barely misses you. The harpy skeleton claws you.
* * * LOW HITPOINT WARNING * * *
You block the harpy skeleton's attack. The spatial maelstrom hits you!
You die...

## .$ ####. ....
#..## .#
##.5.#..# ##
#.@vvF.#
#..#vXZz..# #
#..#..v##
...##...##
#.#..##v#v.# .#
#....Z.#.# ..##
.#...#...###...#
..##.#.Z..v#...
..###.z##...#


You could see a spatial maelstrom, 5 spatial vortices, a thrashing horror, a
blink frog, a flying skull, a harpy skeleton and a friendly iron imp.

Vanquished Creatures
  Gastronok (D:8)
  Harold (Lair:1)
  2 death yaks (D:11)
  An ugly thing (D:6)
  An oklob plant (Lair:1)
  A black mamba (Lair:1)
  A black mamba (shapeshifter) (D:10)
  A spiny frog (Lair:2)
  2 komodo dragons
  2 rime drakes
  A yaktaur (shapeshifter) (D:7)
  A troll (D:10)
  5 hippogriffs
  A yak (shapeshifter) (D:10)
  A ynoxinul (Abyss:2)
  20 yaks
  A wyvern (D:9)
  A hungry ghost (D:11)
  Menkaure (D:8)
  A small abomination (Abyss:2)
  5 water moccasins
  3 porcupines
  2 sky beasts
  7 ogres
  4 orc warriors
  4 ice beasts
  2 phantoms (D:10)
  3 black bears
  5 centaurs
  4 crocodiles
  A big kobold (D:9)
  13 bullfrogs
  A wyvern zombie (D:9)
  A water moccasin zombie (D:8)
  A water moccasin skeleton (D:7)
  2 scorpions
  20 killer bees
  7 wights
  7 howler monkeys
  A centaur zombie (D:7)
  4 crimson imps
  2 bullfrog zombies
  A quasit (D:9)
  2 hounds
  4 jellies
  A gnoll shaman (D:6)
  8 orc priests
  14 orc wizards
  2 centaur skeletons
  7 iguanas
  14 worker ants
  A hound zombie (D:9)
  2 hound skeletons (D:7)
  2 worker ant zombies
  5 gnolls
  13 adders
  4 shadow imps
  2 oozes
  An adder skeleton (D:7)
  2 dart slugs
  6 leopard geckos
  47 orcs
  10 giant cockroaches
  10 goblins
  8 hobgoblins
  11 jackals
  3 quokkas
  2 ball pythons (D:2)
  6 bats
  2 frilled lizards (D:5)
  A jackal skeleton (D:7)
  10 kobolds
  A leopard gecko skeleton (D:7)
  8 rats
  A plant (Lair:1)
356 creatures vanquished.

Vanquished Creatures (collateral kills)
  A hydra (Lair:2)
  Erica (D:10)
  2 two-headed ogres (D:10)
  A death yak (D:11)
  A spiny frog (Lair:2)
  A queen bee (D:9)
  2 trolls
  2 yaks
  A steam dragon (D:7)
  2 nagas (Lair:2)
  An orc warrior (D:6)
  2 centaurs
  A scorpion (D:5)
  A killer bee (D:7)
  2 howler monkeys (D:8)
  A crimson imp (D:8)
  An orc priest (D:7)
  A centaur skeleton (D:8)
  A leopard gecko (D:8)
25 creatures vanquished.

Grand Total: 381 creatures vanquished

Notes
Turn   | Place    | Note
-------+----------+-------------------------------------------
     0 | D:1      | Jawreze the Demonspawn Gladiator began the quest for the
                  | Orb.
     0 | D:1      | Reached XP level 1. HP: 16/16 MP: 1/1
   150 | D:1      | Reached skill level 3 in Long Blades
   289 | D:1      | Gained mutation: When hurt, damage is shared between your
                  | health and your magic reserves. [demonic ancestry]
   289 | D:1      | Reached XP level 2. HP: 21/22 MP: 2/2
   924 | D:2      | Reached XP level 3. HP: 28/28 MP: 3/3
  1735 | D:3      | Noticed an ogre
  1749 | D:3      | Reached skill level 4 in Long Blades
  1781 | D:2      | Upgraded the game from 0.23-a0-416-g33f1def to
                  | 0.23-a0-417-gf02c810
  1821 | D:2      | HP: 1/28 [ogre/+0 giant club (8)]
  2157 | D:3      | Gained mutation: Your movements are slightly less
                  | encumbered by armour. (ER -2) [demonic ancestry]
  2157 | D:3      | Reached XP level 4. HP: 19/34 MP: 4/4
  3059 | D:3      | Gained mutation: You have large cloven feet. [demonic
                  | ancestry]
  3059 | D:3      | Reached XP level 5. HP: 38/41 MP: 5/5
  3410 | D:4      | Reached skill level 5 in Long Blades
  3748 | D:4      | Reached XP level 6. HP: 46/48 MP: 6/6
  4865 | D:5      | Entered Level 5 of the Dungeon
  4960 | D:5      | Noticed Menkaure
  5223 | D:5      | Noticed a sky beast
  5267 | D:5      | Killed a sky beast
  5267 | D:5      | Reached skill level 6 in Long Blades
  5267 | D:5      | Gained mutation: A weak demonic guardian rushes to your
                  | aid. [demonic ancestry]
  5267 | D:5      | Reached XP level 7. HP: 43/55 MP: 4/7
  5413 | D:5      | Reached skill level 1 in Shields
  5427 | D:5      | Found a hide-covered altar of Uskayaw.
  5542 | D:5      | Found a shadowy altar of Dithmenos.
  5851 | D:6      | Found a staircase to the Ecumenical Temple.
  5869 | Temple   | Entered the Ecumenical Temple
  5879 | Temple   | Became a worshipper of Makhleb the Destroyer
  6052 | D:6      | Found an opulent altar of Gozag.
  6420 | D:6      | Reached skill level 5 in Fighting
  6831 | D:6      | Reached skill level 7 in Long Blades
  6985 | D:6      | Gained mutation: You have hoof-like feet. [demonic
                  | ancestry]
  6985 | D:6      | Reached XP level 8. HP: 62/62 MP: 8/8
  7914 | D:7      | Reached * piety under Makhleb
  8802 | D:6      | Reached skill level 8 in Long Blades
  9702 | D:7      | Noticed a purple ugly thing
 10352 | D:7      | Reached skill level 1 in Armour
 10352 | D:7      | Gained mutation: Your movements are less encumbered by
                  | armour. (ER -4) [demonic ancestry]
 10352 | D:7      | Reached XP level 9. HP: 58/69 MP: 9/9
 10911 | D:7      | Noticed a yaktaur
 10933 | D:7      | Killed a yaktaur
 10969 | D:7      | Reached skill level 9 in Long Blades
 11080 | D:7      | Reached ** piety under Makhleb
 11241 | D:6      | Killed a purple ugly thing
 11368 | D:7      | Reached skill level 5 in Shields
 12185 | D:8      | Found a glowing golden altar of the Shining One.
 12185 | D:8      | Found a stormy altar of Qazlal.
 12188 | D:8      | Found a sacrificial altar of Ru.
 12191 | D:8      | Reached skill level 10 in Long Blades
 12204 | D:8      | Got an ancient trident
 12205 | D:8      | Identified the +1 trident of Sequestration {venom, Str+2
                  | SInv Stlth+} (You found it on level 8 of the Dungeon)
 12242 | D:8      | Noticed Gastronok
 12693 | D:8      | Killed Menkaure
 12693 | D:8      | Reached XP level 10. HP: 30/76 MP: 2/10
 13050 | D:8      | Killed Gastronok
 13215 | D:8      | Found a hazy altar of Hepliaklqana.
 13900 | D:9      | Reached skill level 11 in Long Blades
 13900 | D:9      | Reached skill level 5 in Armour
 14465 | D:9      | Reached skill level 1 in Invocations
 14509 | D:9      | Reached *** piety under Makhleb
 15091 | D:9      | Reached XP level 11. HP: 81/81 MP: 12/12
 15438 | D:9      | Found Zuzxot's General Store.
 15443 | D:9      | Found an iron altar of Okawaru.
 15533 | D:10     | Entered Level 10 of the Dungeon
 16054 | D:10     | Noticed a two-headed ogre
 16078 | D:10     | Killed a two-headed ogre
 16465 | D:10     | Noticed Erica
 16479 | D:10     | Killed Erica
 16553 | D:10     | Found a staircase to the Orcish Mines.
 16651 | D:10     | Noticed a two-headed ogre
 16665 | D:10     | Killed a two-headed ogre
 16889 | D:10     | Reached skill level 12 in Long Blades
 17417 | D:11     | Reached **** piety under Makhleb
 17701 | D:11     | Found a shadowy altar of Dithmenos.
 17879 | D:11     | Reached skill level 5 in Invocations
 17981 | D:11     | Noticed a death yak
 17981 | D:11     | Noticed a death yak
 17981 | D:11     | Noticed a death yak
 18023 | D:11     | Killed a death yak
 18042 | D:11     | Noticed a death yak
 18276 | D:11     | Killed a death yak
 18297 | D:11     | Killed a death yak
 18603 | D:11     | Found a staircase to the Lair.
 18805 | Lair:1   | Entered Level 1 of the Lair of Beasts
 18949 | Lair:1   | Upgraded the game from 0.23-a0-417-gf02c810 to
                  | 0.23-a0-419-g0174fd8
 19089 | Lair:1   | Reached XP level 12. HP: 88/88 MP: 16/16
 19384 | Lair:1   | Noticed Harold
 19467 | Lair:1   | Reached skill level 13 in Long Blades
 19512 | Lair:1   | Killed Harold
 21063 | Lair:2   | Noticed a four-headed hydra
 21070 | Lair:2   | Killed a four-headed hydra
 21258 | Lair:2   | Found a staircase to the Snake Pit.
 21364 | Lair:2   | Noticed Sonja
 21367 | Lair:2   | Cast into level 2 of the Abyss (Sonja)
 21479 | Abyss:2  | Noticed a starcursed mass
 21480 | Abyss:2  | Noticed a white very ugly thing
 21646 | Abyss:2  | Found a corrupted altar of Lugonu.
 21729 | Abyss:2  | Noticed a brown very ugly thing
 21761 | Abyss:2  | Noticed a bone dragon
 21763 | Abyss:2  | Noticed a bone dragon
 21818 | Abyss:2  | Paralysed by an orc sorcerer for 6 turns
 21887 | Abyss:2  | HP: 3/88 [harpy skeleton (5)]
 21887 | Abyss:2  | Slain by a spatial maelstrom

Vault maps used:
D:1:      dpeg_arrival_rooms_b
D:2:      serial_glass, glass_columns_a, glass_columns_b,
          minmay_strange_pillars, minmay_strange_pillars
D:3:      first_ration
D:5:      kennysheep_mini_moat, lemuel_coloured_pillars_altar, uniq_menkaure
D:6:      overflow_temple_1_default, temple_statues
D:7:      minivault_22, minmay_the_grid_2x2
D:8:      lemuel_crystal_altar, gammafunk_temple_overflow_claw, uniq_gastronok
D:9:      serial_shops, shop, david_nohive_1, okawaru_metal_pillars_1_2
D:10:     wad_arrow_thing, kennysheep_flooded_box, uniq_erica
D:11:     dpeg_lair_monsters, nicolae_dithmenos_shadow_blocks
Temple:   regret_index_temple_generic_petals
Lair:1:   grunt_megastairs_2, serial_bayou_shore_a, minmay_lair_oklob_chamber,
          uniq_harold
Lair:2:   guppyfry_snake_entry_island, chequers_serial_rivers_marsh,
          grunt_megastairs_4, uniq_sonja

Skill      XL: |  1  2  3  4  5  6  7  8  9 10 11 12 |
---------------+-------------------------------------+-----
Long Blades    | 3 4 5 6 7 8 10 11 12 13 | 13.6
Fighting       | 3 4 5 6 |  6.2
Shields        | 2 4 5 6 7 |  7.6
Armour         | 1 3 5 7 8 |  8.1
Invocations    | 2 6 8 |  8.5
Throwing       | |  1.7
Dodging        | |  2.6

Action                   |  1- 3 |  4- 6 |  7- 9 | 10-12 || total
-------------------------+-------+-------+-------+-------++-------
Melee: Long sword        |   146 |   127 |   614 |   495 ||  1382
       Scimitar          |       |       |       |   432 ||   432
 Fire: Blowgun           |       |    23 |     9 |       ||    32
Throw: Javelin           |     5 |    28 |    11 |    14 ||    58
       Throwing net      |       |     2 |     1 |       ||     3
       Stone             |       |       |     7 |       ||     7
Invok: Lesser Servant of |       |       |       |    11 ||    11
       Minor Destruction |       |       |       |     3 ||     3
       Major Destruction |       |       |       |     1 ||     1
  Use: Scroll            |       |     4 |    11 |     4 ||    19
       Potion            |       |     2 |     3 |     5 ||    10
 Stab: Distracted        |       |       |     1 |     7 ||     8
  Eat: Chunk             |     3 |     8 |    17 |    30 ||    58
       Ration            |       |     1 |     2 |     1 ||     4
Armor: Chain mail        |   140 |    67 |   230 |       ||   437
       Leather armour    |     2 |       |       |       ||     2
       Plate armour      |       |       |    53 |     1 ||    54
       Ring mail         |       |       |       |   195 ||   195
Dodge: Dodged            |    96 |    45 |   216 |   363 ||   720
Block: Buckler           |       |     9 |   175 |   326 ||   510
       Rpst.: Long sword |    31 |    15 |    57 |    60 ||   163
       Scimitar          |       |       |       |    40 ||    40

Table legend:
 A = Non-vault XP
 B = Vault XP
 C = Vault XP percentage of total XP
 D = Non-vault monster count
 E = Vault monster count
 F = Vault count percentage of total count
                 A         B        C        D         E       F
            +---------+---------+-------+---------+---------+-------
      Total |   19106 |   11859 |  38.3 |     333 |      47 |  12.4
            +---------+---------+-------+---------+---------+-------
        D:1 |      34 |       0 |   0.0 |      20 |       0 |   0.0
        D:2 |      44 |       0 |   0.0 |      21 |       0 |   0.0
        D:3 |     168 |       0 |   0.0 |      33 |       0 |   0.0
        D:4 |     390 |       0 |   0.0 |      13 |       0 |   0.0
        D:5 |     196 |       0 |   0.0 |       8 |       0 |   0.0
        D:6 |    1181 |     405 |  25.5 |      36 |       1 |   2.7
        D:7 |    1554 |     619 |  28.5 |      42 |       8 |  16.0
        D:8 |    1607 |    1963 |  55.0 |      31 |       2 |   6.1
        D:9 |    2258 |    1189 |  34.5 |      36 |      16 |  30.8
       D:10 |    1366 |    2753 |  66.8 |      16 |       9 |  36.0
       D:11 |    2320 |    2163 |  48.2 |      33 |       3 |   8.3
     Lair:1 |    4008 |    1789 |  30.9 |      23 |       3 |  11.5
     Lair:2 |    3688 |     978 |  21.0 |      19 |       5 |  20.8
    Abyss:2 |     292 |       0 |   0.0 |       2 |       0 |   0.0
            +---------+---------+-------+---------+---------+-------
